 Dungeon Crawl Stone Soup version 0.24.0-1-gfbc8707 (webtiles) character file.

Game seed: 9187992255953173001, levelgen mode: deterministic

7902 DrEnzyme the Basher (level 11, -6/84 HPs)
             Began as a Formicid Wanderer on Nov 6, 2019.
             Was an Initiate of Gozag.
             Mangled by a phantasmal warrior (21 damage)
             ... led by a death knight
             ... on level 10 of the Dungeon on Nov 8, 2019.
             The game lasted 00:49:18 (14955 turns).

DrEnzyme the Basher (Formicid Wanderer)            Turns: 14955, Time: 00:49:18

Health: -6/84      AC:  9    Str: 17    XL:     11   Next: 45%
Magic:  12/12      EV: 13    Int: 16    God:    Gozag
Gold:   244        SH:  0    Dex: 16    Spells: 9/10 levels left

rFire    . . .     SeeInvis +   c - +3 flail (venom)
rCold    . . .     Gourm    .   (no shield)
rNeg     + . .     Faith    .   d - +1 ring mail
rPois    .         Spirit   .   (helmet unavailable)
rElec    .         Reflect  .   (no cloak)
rCorr    .         Harm     .   r - +0 pair of gloves "Ujiolus" {Dex+4}
MR       +....                  (no boots)
Stlth    ++........             (no amulet)
HPRegen  0.24/turn              p - ring of positive energy
MPRegen  0.13/turn              F - +3 ring of dexterity

@: gold aura
A: permanent stasis, dig shafts and tunnels, four strong arms, antennae 3
a: Dig, Shaft Self, Potion Petition, Call Merchant, Bribe Branch, Renounce
Religion


You were on level 10 of the Dungeon.
You worshipped Gozag.
Gozag was aware of your devotion.
You were not hungry.

You visited 2 branches of the dungeon, and saw 12 of its levels.

You collected 1903 gold pieces.
You spent 340 gold pieces at shops.
You paid 1319 gold pieces to Gozag.

Inventory:

Hand Weapons
 a - a +3 hand axe
 b - a +0 shortbow
 c - a +3 flail of venom (weapon)
 E - a +1 battleaxe
Missiles
 t - 226 arrows
 x - a throwing net
 z - 2 javelins (quivered)
Armour
 d - a +1 ring mail (worn)
 q - a +0 buckler
 r - the +0 pair of gloves "Ujiolus" (worn) {Dex+4}
   (You found it on level 5 of the Dungeon)

   It affects your dexterity (+4).
Jewellery
 p - a ring of positive energy (left hand)
 B - a +4 ring of intelligence
 F - a +3 ring of dexterity (right hand)
Wands
 y - a wand of flame (18)
 D - a wand of random effects (18)
Scrolls
 e - 5 scrolls of enchant armour
 g - a scroll of magic mapping {unknown}
 j - 3 scrolls of fear
 u - 3 scrolls of amnesia
 v - a scroll of vulnerability
 w - 6 scrolls of remove curse
 A - a scroll of summoning
Potions
 h - 2 potions of ambrosia
 k - a potion of invisibility
 m - 2 potions of curing
 n - 3 potions of heal wounds
 s - a potion of cancellation
 H - 2 potions of degeneration
Comestibles
 f - 11 rations


   Skills:
 + Level 7.4 Fighting
 + Level 8.0(9.7) Axes
 + Level 8.8(10.1) Maces & Flails
 + Level 3.5 Bows
 + Level 0.3 Throwing
 + Level 8.6 Armour
 + Level 3.8 Dodging
 + Level 4.1 Stealth
 - Level 4.0 Shields
 + Level 1.6 Evocations


You had 9 spell levels left.
You knew the following spells:

 Your Spells              Type           Power        Failure   Level  Hunger
a - Confusing Touch       Hex            #.....       38%         1    ##.....

Your spell library contained the following spells:

 Spells                   Type           Power        Failure   Level  Hunger
 Animate Skeleton         Necr           N/A          38%         1    ##.....
 Pain                     Necr           #...         38%         1    ##.....
 Confuse                  Hex            #.......     77%         3    ####...
 Gell's Gravitas          Tloc           #.........   77%         3    ####...
 Regeneration             Chrm/Necr      #.........   77%         3    ####...
 Vampiric Draining        Necr           #.........   77%         3    ####...
 Animate Dead             Necr           N/A          99%         4    #####..
 Petrify                  Tmut/Erth      #.......     99%         4    #####..
 Metabolic Englaciation   Hex/Ice        #.........   100%        5    ######.
 Yara's Violent Unravell  Hex/Tmut       #.........   100%        5    ######.


Dungeon Overview and Level Annotations

Branches:
Dungeon (11/15)            Temple (0/1) D:6            Lair (1/6) D:10
    Orc: D:9-12

Altars:
Ashenzari
Fedhas
Gozag
Hepliaklqana
Sif Muna
Wu Jian
Xom

Shops:
D:4 *   D:8 ?!   D:10 =

Annotations:
D:5 1 runed translucent door, exclusion: door, apn's ghost, novice TrFi
D:8 3 runed translucent doors, 1 exclusion, gilim's ghost, novice GrFi
D:9 exclusion: 3 downstairs


Innate Abilities, Weirdness & Mutations

You cannot be hasted, slowed, berserked, paralysed or teleported.
You can dig through walls and to a lower floor.
Your four strong arms can wield two-handed weapons with a shield.
You have a pair of large antennae on your head. (SInv)


Message History

There is a stone staircase leading up here.
The freezing wraith hits you. The freezing wraith freezes you!!
The freezing wraith hits you! The freezing wraith drains your vigour!
Your stasis prevents you from being slowed.
The phantasmal warrior hits you!
You climb upwards.
There is a stone staircase leading down here.
Evoke which item? (* to show all) (? for menu, Esc to quit)
Okay, then.
As you read the scroll of holy word, it crumbles to dust.
You speak a Word of immense power!
The freezing wraith convulses!
You destroy the freezing wraith!
The phantasmal warrior convulses!
The phantasmal warrior hits you!!
* * * LOW HITPOINT WARNING * * *
Okay, then.
You closely miss the phantasmal warrior.
The phantasmal warrior is severely damaged.
The phantasmal warrior hits you!!
You die...
Your body crumbles into a pile of gold.

# #............# #
#.∩..........# #
#............# #
#............# ###
#........>...#
..###............#
#...#............#
###.#..........W.#
# #.'...........@#
# ###...........$#
##############


You could see a phantasmal warrior (dazed).

Vanquished Creatures
  A hydra (Lair:1)
  An unseen horror (D:11)
  A komodo dragon (Lair:1)
  A freezing wraith (D:10)
  A hippogriff (D:8)
  8 yaks
  Sigmund (D:6)
  Edmund (D:5)
  2 soldier ants
  4 orc warriors
  2 black bears
  2 sky beasts
  A necrophage (D:6)
  2 phantoms
  4 centaurs
  6 ogres
  3 big kobolds
  5 bullfrogs
  A water moccasin zombie (D:10)
  A scorpion (D:4)
  7 killer bees
  4 wights
  A bullfrog zombie (D:6)
  5 crimson imps
  4 hounds
  6 orc priests
  A bullfrog skeleton (D:5)
  2 jellies
  A centaur skeleton (D:7)
  2 iguanas (D:5)
  12 orc wizards
  5 worker ants
  4 hound zombies
  2 hound skeletons
  12 gnolls
  11 adders
  3 shadow imps
  An ooze (D:4)
  2 adder skeletons
  An adder zombie (D:6)
  5 worms
  5 dart slugs (D:1)
  5 leopard geckos
  27 orcs
  3 ball pythons
  8 bats
  A giant cockroach (D:4)
  6 goblins
  7 hobgoblins
  16 jackals
  2 quokkas
  5 frilled lizards (D:2)
  10 kobolds
  A leopard gecko skeleton (D:6)
  A leopard gecko zombie (D:6)
  2 quokka skeletons
  4 rats
242 creatures vanquished.

Vanquished Creatures (others)
  An orc (D:6)
1 creature vanquished.

Grand Total: 243 creatures vanquished

Notes
Turn   | Place    | Note
-------+----------+-------------------------------------------
     0 | D:1      | DrEnzyme the Formicid Wanderer began the quest for the Orb.
     0 | D:1      | DrEnzyme set off with the following items: a +2 hand axe, a
                  | +0 shortbow, 24 arrows, a +0 ring mail, a ration
     0 | D:1      | Reached XP level 1. HP: 15/15 MP: 1/1
    44 | D:1      | Reached XP level 2. HP: 21/21 MP: 2/2
   110 | D:1      | Reached skill level 5 in Armour
   418 | D:1      | Reached XP level 3. HP: 22/26 MP: 3/3
  1069 | D:2      | Reached XP level 4. HP: 23/32 MP: 4/4
  2060 | D:3      | Reached XP level 5. HP: 12/37 MP: 5/5
  2659 | D:3      | Learned a level 1 spell: Confusing Touch
  3403 | D:4      | Found an opulent altar of Gozag.
  3404 | D:4      | Found Gozag's Platinum Reserve.
  3408 | D:4      | Became a worshipper of Gozag Ym Sagoz the Greedy
  3473 | D:4      | Reached XP level 6. HP: 40/44 MP: 6/6
  3546 | D:4      | Noticed a phantom
  3771 | D:4      | Reached skill level 1 in Bows
  3924 | D:3      | Reached skill level 1 in Dodging
  4147 | D:4      | Killed a phantom
  4147 | D:4      | Reached skill level 1 in Stealth
  4147 | D:4      | Reached XP level 7. HP: 40/51 MP: 7/7
  5414 | D:4      | Found a hazy altar of Hepliaklqana.
  5415 | D:4      | Found a shimmering altar of Xom.
  5415 | D:4      | Noticed a soldier ant
  5416 | D:4      | Noticed a soldier ant
  5416 | D:4      | Noticed a spectral ugly thing
  5440 | D:5      | Entered Level 5 of the Dungeon
  5449 | D:4      | Reached skill level 5 in Axes
  5449 | D:4      | Reached XP level 8. HP: 54/58 MP: 8/8
  5662 | D:5      | Got a pair of dazzling gloves
  5668 | D:5      | Identified the +0 pair of gloves "Ujiolus" {Dex+4} (You
                  | found it on level 5 of the Dungeon)
  6207 | D:5      | Noticed Edmund
  6236 | D:5      | Killed Edmund
  6890 | D:5      | Found a runed translucent door.
  6923 | D:5      | Noticed apn's ghost (novice TrFi)
  7018 | D:5      | Reached XP level 9. HP: 65/65 MP: 9/9
  7324 | D:6      | Found a blossoming altar of Fedhas.
  7329 | D:6      | Found a staircase to the Ecumenical Temple.
  7599 | D:6      | Noticed Sigmund
  7630 | D:6      | Killed Sigmund
  7698 | D:6      | Found a shattered altar of Ashenzari.
  7698 | D:6      | Found an opulent altar of Gozag.
  7699 | D:6      | Found an ornate altar of the Wu Jian Council.
  7777 | D:6      | Reached skill level 5 in Fighting
  8480 | D:6      | Found a shimmering blue altar of Sif Muna.
  9775 | D:8      | Reached XP level 10. HP: 59/74 MP: 10/10
  9846 | D:8      | Noticed gilim's ghost (novice GrFi)
  9874 | D:8      | Found Beni's Magic Scroll Boutique.
 10091 | D:8      | Bought a scroll of enchant armour for 82 gold pieces
 10091 | D:8      | Bought a scroll of remove curse for 33 gold pieces
 10091 | D:8      | Bought a scroll of identify for 22 gold pieces
 10091 | D:8      | Bought a scroll of identify for 22 gold pieces
 10091 | D:8      | Bought a scroll of summoning for 104 gold pieces
 10109 | D:8      | Found Takiurcho's Distillery.
 10118 | D:8      | Bought 2 potions of degeneration for 22 gold pieces
 10118 | D:8      | Bought a potion of heal wounds for 55 gold pieces
 10289 | D:8      | Found a runed translucent gate.
 10289 | D:8      | Found a runed translucent gate.
 10291 | D:8      | Found a runed translucent gate.
 10878 | D:8      | HP: 2/76 [orc warrior/+0 glaive of protection (10)]
 10884 | D:8      | Reached skill level 5 in Maces & Flails
 12628 | D:10     | Entered Level 10 of the Dungeon
 13473 | D:10     | Noticed a cyan ugly thing
 13532 | D:10     | Noticed a death yak
 13918 | D:10     | Reached XP level 11. HP: 53/84 MP: 11/11
 13937 | D:10     | Noticed a death yak
 14421 | D:10     | Noticed a death yak
 14526 | D:11     | Noticed an unseen horror
 14543 | D:11     | Killed an unseen horror
 14569 | D:11     | Noticed a brown ugly thing
 14702 | D:11     | Noticed a death knight
 14702 | D:11     | Noticed a phantasmal warrior
 14705 | D:11     | Noticed a skeletal warrior
 14742 | D:10     | Found a staircase to the Lair.
 14747 | Lair:1   | Entered Level 1 of the Lair of Beasts
 14768 | Lair:1   | Noticed a four-headed hydra
 14777 | Lair:1   | Killed a four-headed hydra
 14955 | D:10     | Mangled by a phantasmal warrior

Levels and vault maps discovered:
D:1:      dpeg_arrival_windows_large_door, layout_loops_corners,
          roderic_roman_lattice
D:2:      layout_basic, bh_walls_and_bars
D:3:      layout_rooms, first_ration
D:4:      layout_loops_ring, regret_index_temple_of_mockery,
          nicolae_gozag_zags_fifth_avenue
D:5:      layout_loops_ring, ebering_ghost_reflecting_pool, uniq_edmund
D:6:      layout_basic, nicolae_overflow_quartered_altars,
          minmay_temple_entry_grid, cheibrodos_sewer_entry_bend, fedhas_altar_3,
          uniq_sigmund
D:7:      layout_basic
D:8:      layout_rooms, serial_shops, shop, shop, gammafunk_ghost_split,
          hangedman_ranch [blue_anna_fruit_fields], minmay_unpleasant_kobolds
D:9:      layout_gridville, lightli_orcish_oven
D:10:     layout_roguey, dpeg_lair_monsters
D:11:     layout_gridville, david_orc_4, serial_shops, nicolae_shop_trees,
          trog_ov_bears_minmay, uniq_josephine
Lair:1:   layout_roguey [special_room_bee]

Skill      XL: |  1  2  3  4  5  6  7  8  9 10 11 |
---------------+----------------------------------+-----
Armour         | 5 6 7 8 |  8.6
Axes           | 3 4 5 6 8 |  8.0
Fighting       | 2 3 5 7 |  7.4
Bows           | 2 3 |  3.5
Dodging        | 1 2 3 |  3.8
Stealth        | 1 2 3 4 |  4.1
Shields        | 3 4 |  4.0
Maces & Flails | 3 6 8 |  8.8
Throwing       | |  0.3
Evocations     | |  1.6

Action                   |  1- 3 |  4- 6 |  7- 9 | 10-12 || total
-------------------------+-------+-------+-------+-------++-------
Melee: Hand axe          |    88 |   217 |   319 |       ||   624
       Dagger            |       |       |    10 |       ||    10
       Flail             |       |       |   128 |   289 ||   417
 Fire: Shortbow          |       |    33 |    45 |       ||    78
Throw: Javelin           |       |       |       |     3 ||     3
Invok: Potion Petition   |       |       |       |     3 ||     3
       Call Merchant     |       |       |       |     1 ||     1
Evoke: Wand              |       |       |       |    10 ||    10
  Use: Scroll            |       |     9 |     5 |     8 ||    22
       Potion            |       |     1 |     3 |     1 ||     5
 Stab: Invisible         |       |       |     3 |       ||     3
       Distracted        |       |       |     2 |     3 ||     5
  Eat: Chunk             |       |     6 |       |       ||     6
       Ration            |       |     1 |     6 |     5 ||    12
Armor: Ring mail         |    36 |    93 |   147 |   106 ||   382
Dodge: Dodged            |    55 |   127 |   250 |   202 ||   634
